 Dungeon Crawl Stone Soup version 0.28-a0-706-gf6f64a616a (webtiles) character file.

Game seed: 3517864405019415126

894 Sabo the Chopper (level 7, -8/52 HPs)
             Began as a Demonspawn Gladiator on Oct 24, 2021.
             Was an Initiate of Makhleb.
             Mangled by a fire elemental (10 damage)
             ... created by the fiery vengeance of Ignis
             ... on level 9 of the Dungeon on Oct 25, 2021.
             The game lasted 00:28:08 (5897 turns).

Sabo the Chopper (Demonspawn Gladiator)             Turns: 5897, Time: 00:28:08

Health: -8/52      AC: 21    Str: 16    XL:     7   Next: 78%
Magic:  0/7        EV: 11    Int: 10    God:    Makhleb [......]
Gold:   201        SH:  7    Dex: 22    Spells: 6/6 levels left

rFire   . . .      SeeInvis .   n - +3 mace (protect)
rCold   . . .      Faith    .   v - +3 buckler of Insurance {Regen+ Stlth+}
rNeg    . . .      Spirit   +   m - +4 scale mail {rPois}
rPois   +          Reflect  .   o - +2 helmet
rElec   .          Harm     .   (no cloak)
rCorr   .          Rampage  .   (no gloves)
Will    +....                   (no boots)
Stlth   +++.......              (no amulet)
HPRegen 1.17/turn               f - ring of willpower
MPRegen 0.20/turn               t - +6 ring of dexterity

@: under a protective aura, fire susceptible
A: thin skeletal structure 1, magic shield, magic regeneration, weakness stinger
2
a: Renounce Religion


You were on level 9 of the Dungeon.
You worshipped Makhleb.
Makhleb was noncommittal.
You visited 1 branch of the dungeon, and saw 8 of its levels.
You also visited: Sewer.

You collected 201 gold pieces.

Inventory:

Hand Weapons
 a - a +0 war axe
 i - a +0 short sword of draining
 n - a +3 mace of protection (weapon)
 u - a +2 vorpal falchion
Missiles
 d - 3 throwing nets (quivered)
 p - 29 sling bullets
Armour
 m - a +4 scale mail of poison resistance (worn)
 o - a +2 helmet (worn)
 v - the +3 buckler of Insurance (worn) {Regen+ Stlth+}
   (You found it on level 9 of the Dungeon)

   Regen:     It increases your rate of health regeneration.
   Stlth:     It makes you more stealthy.
Jewellery
 f - a ring of willpower (left hand)
 t - a +6 ring of dexterity (right hand)
Scrolls
 h - a scroll of fear
 j - a scroll of teleportation
 l - a scroll of vulnerability {unknown}
Potions
 b - a potion of heal wounds {unknown}
 c - a potion of brilliance {unknown}
 e - a potion of haste {unknown}
 g - 2 potions of lignification {unknown}
 k - a potion of flight {unknown}
 r - a potion of cancellation {unknown}


   Skills:
 + Level 3.6 Fighting
 + Level 1.0 Short Blades
 + Level 4.3(5.1) Axes
 + Level 4.1(5.0) Maces & Flails
 + Level 1.8 Throwing
 + Level 3.4 Armour
 + Level 3.9 Dodging
 + Level 1.2 Stealth


You had 6 spell levels left.
You didn't know any spells.
Your spell library contained the following spells:

 Spells                   Type           Power      Damage    Failure   Level
 Tukima's Dance           Hex            0%         N/A       100%        3
 Passage of Golubria      Tloc           0%         N/A       100%        4
 Yara's Violent Unravell  Hex/Tmut       0%         3d3       100%        5


Dungeon Overview and Level Annotations

Branches:
Dungeon (9/15)              Sewer (visited)
 Temple: D:4-7         Lair: D:8-11         Orc: D:9-12

Altars:
Makhleb
Qazlal
Vehumet
Zin
Ignis


Innate Abilities, Weirdness & Mutations

You have a somewhat thin skeletal structure. (Dex +2, Stealth+)
When hurt, damage is shared between your health and your magic reserves.
You regenerate magic rapidly.
You have a tail ending in a sharp stinger.


Message History

q - a scroll of acquirement Something appears at your feet! "These will know how to inflict the punishment due to you!" 2 fire elementals come into view.
The fire elemental barely misses you. The fire elemental hits you.
The fire elemental burns you!
You sock the fire elemental!
Your weapon exudes an aura of protection.
Your tail-slap misses the fire elemental.
The fire elemental is moderately damaged.
You block the fire elemental's attack. The fire elemental hits you.
The fire elemental burns you! The fire elemental misses you.
The fire elemental hits you. The fire elemental burns you!
You barely miss the fire elemental.
You tail-slap the fire elemental, but do no damage.
The fire elemental is moderately damaged.
You block the fire elemental's attack. x2
You closely miss the fire elemental.
The fire elemental is moderately damaged.
You block the fire elemental's attack. The fire elemental hits you.
The fire elemental burns you! The fire elemental hits you.
The fire elemental burns you! You block the fire elemental's attack.
You barely miss the fire elemental. You tail-slap the fire elemental.
The fire elemental is heavily damaged.
The fire elemental hits you. The fire elemental burns you!
The fire elemental hits you. The fire elemental burns you!
You sock the fire elemental!
Your weapon exudes an aura of protection.
The fire elemental is severely damaged.
The fire elemental hits you. The fire elemental burns you!
The fire elemental hits you. The fire elemental burns you!
* * * LOW HITPOINT WARNING * * *
The fire elemental misses you.
The fire elemental completely misses you.
You hit the fire elemental.
The fire elemental is almost destroyed.
The fire elemental hits you. The fire elemental burns you!
* * * LOW HITPOINT WARNING * * *
The fire elemental hits you. The fire elemental burns you!
You die...

.........# .......
....†....# ...(...
....†....# .....##
....#....# .......
....#############.......
........................
....................(...
................E..<....
................@E......
................#.......
#####......######.......
######## .....<. .......
....... ....... .......


You could see 2 fire elementals.

Vanquished Creatures
  Grinder (D:3)
  Sigmund (D:2)
  2 bullfrogs (Sewer)
  2 howler monkeys (D:9)
  2 orc priests
  An orc wizard (D:6)
  Robin (D:2)
  7 adders (Sewer)
  2 river rats (D:3)
  An adder zombie (D:3)
  An adder skeleton (D:3)
  A worm (D:2)
  A dart slug (D:1)
  6 orcs
  14 ball pythons
  26 endoplasms
  12 giant cockroaches
  11 goblins
  4 hobgoblins
  6 kobolds
  18 quokkas
  A ball python zombie (D:3)
  4 bats
  9 frilled lizards
  10 rats
144 creatures vanquished.

Vanquished Creatures (others)
  27 foxfires
27 creatures vanquished.

Grand Total: 171 creatures vanquished

Notes
Turn   | Place    | Note
-------+----------+-------------------------------------------
     0 | D:1      | Sabo the Demonspawn Gladiator began the quest for the Orb.
     0 | D:1      | Reached XP level 1. HP: 16/16 MP: 1/1
   232 | D:1      | Found a faded altar of an unknown god.
   317 | D:1      | Prayed at the altar of an unknown god.
   317 | D:1      | Became a worshipper of Ignis, the Dying Flame
   334 | D:1      | Gained mutation: You regenerate magic rapidly. [demonic
                  | ancestry]
   334 | D:1      | Reached XP level 2. HP: 19/22 MP: 2/2
  1335 | D:1      | Gained mutation: You have a small tail. [demonic ancestry]
  1335 | D:1      | Reached XP level 3. HP: 27/27 MP: 3/3
  1788 | D:2      | Noticed Robin
  2017 | D:2      | Noticed Sigmund
  2030 | D:2      | Killed Sigmund
  2031 | D:2      | Reached XP level 4. HP: 9/34 MP: 4/4
  2031 | D:2      | Gained mutation: When hurt, damage is shared between your
                  | health and your magic reserves. [demonic ancestry]
  2031 | D:2      | Reached XP level 5. HP: 11/39 MP: 5/5
  2551 | D:2      | Killed Robin
  2552 | D:2      | Reached skill level 1 in Stealth
  3515 | D:3      | Found a radiant altar of Vehumet.
  3598 | D:3      | Found a glowing drain.
  3611 | D:3      | Reached skill level 1 in Short Blades
  3639 | Sewer    | Entered a sewer
  3675 | Sewer    | Gained mutation: You have a tail ending in a sharp stinger.
                  | [demonic ancestry]
  3675 | Sewer    | Reached XP level 6. HP: 43/46 MP: 4/6
  3769 | Sewer    | Reached skill level 1 in Maces & Flails
  4447 | Sewer    | Gained mutation: You have a somewhat thin skeletal
                  | structure. (Dex +2, Stealth+) [demonic ancestry]
  4447 | Sewer    | Reached XP level 7. HP: 7/52 MP: 2/7
  4816 | D:3      | Noticed Grinder
  4847 | D:3      | Killed Grinder
  5138 | D:3      | Found a stormy altar of Qazlal.
  5236 | D:3      | Found a burning altar of Makhleb.
  5245 | D:3      | Fell from the grace of Ignis
  5245 | D:3      | Became a worshipper of Makhleb the Destroyer
  5411 | D:3      | You fall into a shaft and drop 3 floors!
  5451 | D:5      | Entered Level 5 of the Dungeon
  5463 | D:5      | You fall into a shaft and drop 3 floors!
  5728 | D:6      | You fall into a shaft and drop 3 floors!
  5880 | D:9      | Identified the +3 buckler of Insurance {Regen+ Stlth+}
  5887 | D:9      | Identified a scroll of acquirement
  5888 | D:9      | Acquired 936 gold pieces
  5889 | D:9      | Noticed a fire elemental
  5889 | D:9      | Noticed a fire elemental
  5897 | D:9      | HP: 2/52 [fire elemental[the fiery vengeance of Ignis]
                  | (11)]
  5897 | D:9      | Mangled by a fire elemental

Illustrated notes

Levels and vault maps discovered:
D:1:      dpeg_arrival_simpleton_b, layout_basic,
          hellmonk_ecumenical_altar_blasted
D:2:      layout_loops_ring, uniq_robin, uniq_sigmund
D:3:      layout_basic, nicolae_qazlal_eye_of_the_storm,
          nicolae_vehumet_radiance, zin_academy, mainiacjoe_overflow_24_doors,
          serial_undead, serial_undead_c, serial_undead_a, serial_undead_d,
          serial_undead_c, portal_sewer_entry_b, uniq_grinder
D:5:      layout_loops_ring, minmay_temple_entry_water_ring, serial_shops,
          nicolae_shop_stone, corexii_hall_statues_deadend
D:6:      layout_cave_pools, grunt_temple_overflow_open, lemuel_flamethrower_2
D:7:      layout_gridville, lemuel_coloured_pillars_altar, minivault_22
D:8:      layout_basic, nicolae_uskayaw_dance_studio, trog_hazing_becter,
          lair_entry_dummy, serial_bayou_ford_a, uniq_maggie
D:9:      layout_grid_maze, mainiacjoe_overflow_paths, uniq_harold, uniq_maurice

Skill      XL: |  1  2  3  4  5  6  7 |
---------------+----------------------+-----
Axes           | 3 4 |  4.3
Armour         | 2 3 |  3.4
Dodging        | 3 |  3.9
Stealth        | 1 |  1.2
Short Blades   | 1 |  1.0
Maces & Flails | 2 4 |  4.1
Fighting       | 3 |  3.6
Throwing       | |  1.8

Action                   |  1- 3 |  4- 6 |  7- 9 || total
-------------------------+-------+-------+-------++-------
Melee: War axe           |    44 |       |       ||    44
       Short sword       |    25 |    15 |       ||    40
       Tailslap          |     1 |    17 |     8 ||    26
       Mace              |       |   297 |    83 ||   380
Invok: Foxfire Swarm     |     6 |     1 |       ||     7
       Sea of Fire       |     1 |       |       ||     1
       Rising Flame      |     1 |       |       ||     1
  Use: Scroll            |     3 |     4 |     4 ||    11
 Stab: Sleeping          |       |     2 |       ||     2
Armor: Leather armour    |    12 |    18 |       ||    30
       Scale mail        |       |   262 |    64 ||   326
Dodge: Dodged            |    42 |   295 |    55 ||   392
Block: Buckler           |       |       |     5 ||     5

Table legend: (Time is in decaauts)
 A = Elapsed time spent in this place.
 B = Non-inter-level travel time spent in this place.
 C = Inter-level travel time spent in this place.
 D = Time resting spent in this place.
 E = Time spent auto-exploring this place.
 F = Levels seen in this place.
 G = Mean time per level.
                   A        B        C        D        E       F      G
               +--------+--------+--------+--------+--------+-----+--------+
         Total |   6154 |   6154 |      0 |   2198 |      0 |   9 |  683.8 |
       Dungeon |   4834 |   4834 |      0 |   1676 |      0 |   8 |  604.2 |
         Sewer |   1320 |   1320 |      0 |    522 |      0 |   1 | 1320.0 |
               +--------+--------+--------+--------+--------+-----+--------+

Top non-repeatable levels by time:
     D:1: 1856 daAuts
     D:2: 1465 daAuts
   Sewer: 1320 daAuts
     D:3: 1020 daAuts
     D:6: 190 daAuts
     D:9: 170 daAuts
     D:8: 84 daAuts
     D:7: 32 daAuts
     D:5: 12 daAuts
